 Dungeon Crawl Stone Soup version 0.30.1-9-gdf580d7c3d (webtiles) character file.

Game seed: 15958379178360737852

2093 booth the Cleaver (level 9, -5/79 HPs)
             Began as a Hill Orc Monk on Sept 27, 2023.
             Was a Believer of Beogh.
             Slain by a slime creature (8 damage)
             ... on level 7 of the Dungeon.
             The game lasted 00:44:23 (6769 turns).

booth the Cleaver (Hill Orc Monk)                   Turns: 6769, Time: 00:44:23

Health: -5/79      AC:  9    Str: 20    XL:     9   Next: 27%
Magic:  13/13      EV: 13    Int: 11    God:    Beogh [**....]
Gold:   543        SH:  5    Dex: 12    Spells: 8/8 levels left

rFire   + . .        a - +2 hand axe
rCold   + . .        d - orb {light}
rNeg    . . .        H - +0 steam dragon scales
rPois   +            (no helmet)
rElec   .            (no cloak)
rCorr   .            (no gloves)
SInv    +            I - +3 pair of boots of Huemas {rPois rF+}
Will    .....        f - amulet of reflection
Stlth   +            k - ring of see invisible
HPRegen 0.33/turn    y - ring of protection from cold
MPRegen 0.13/turn

%: reflection
@: about to teleport, glowing
A: strong 1
a: Renounce Religion, Smiting


You were on level 7 of the Dungeon.
You worshipped Beogh.
Beogh was pleased with you.
You visited 1 branch of the dungeon, and saw 8 of its levels.

You collected 543 gold pieces.

Inventory:

Hand Weapons
 a - a +2 hand axe (weapon)
 w - a +0 mace
Missiles
 i - 5 javelins
 t - 3 boomerangs (quivered)
 x - 13 poisoned darts
Armour
 b - a +0 robe
 d - an orb of light (worn)
 l - a +0 leather armour
 u - a +0 ring mail
 H - +0 steam dragon scales (worn)
 I - the +3 pair of boots of Huemas (worn) {rPois rF+}
   (You found it on level 6 of the Dungeon)

   rF:        It protects you from fire.
   rPois:     It protects you from poison.
Jewellery
 f - an amulet of reflection (around neck)
 j - a +4 ring of protection
 k - a ring of see invisible (left hand)
 y - a ring of protection from cold (right hand)
 F - a ring of willpower
 G - a +4 ring of protection
Wands
 o - a wand of charming (1)
Scrolls
 e - a scroll of vulnerability
 m - 4 scrolls of fear
 s - a scroll of teleportation
 v - a scroll of poison {unknown}
Potions
 c - 2 potions of ambrosia
 g - a potion of cancellation
 h - 5 potions of curing
 n - a potion of mutation
 p - a potion of magic
 q - 4 potions of haste
 r - 4 potions of heal wounds
 z - a potion of flight
 A - 4 potions of might
 B - a potion of degeneration {unknown}
 C - a potion of resistance
 D - a potion of invisibility {unknown}
 E - 2 potions of brilliance {unknown}


   Skills:
 + Level 7.4 Fighting
 * Level 10.6 Axes
 + Level 5.1 Dodging
 + Level 6.6 Invocations


You had 8 spell levels left.
You didn't know any spells.
Your spell library contained the following spells:

 Spells                   Type           Power      Damage    Failure   Level
 Scorch                   Fire           0%         2d5       47%         2
 Call Canine Familiar     Summ           0%         N/A       71%         3
 Portal Projectile        Hex/Tloc       0%         N/A       71%         3
 Flame Wave               Conj/Fire      0%         2d4       98%         4
 Leda's Liquefaction      Hex/Erth       0%         N/A       98%         4
 Petrify                  Tmut/Erth      0%         N/A       98%         4
 Metabolic Englaciation   Hex/Ice        0%         N/A       100%        5
 Statue Form              Tmut/Erth      0%         N/A       100%        6
 Summon Cactus Giant      Summ           0%         N/A       100%        6


Dungeon Overview and Level Annotations

Branches:
Dungeon (8/15)             Temple (0/1) D:5
   Lair: D:8-11

Altars:
Nemelex Xobeh
Ru
Wu Jian
Zin


Innate Abilities, Weirdness & Mutations

Your muscles are strong. (Str +4, Int/Dex -1)


Message History

The slime creature hits you but does no damage.
The slime creature hits you.
The slime creature hits you but does no damage.
You hit the slime creature.
The slime creature is heavily wounded.
You hit the slime creature. x2; The slime creature barely misses you.
The slime creature hits you!
You hit the slime creature.
The slime creature is severely wounded.
You hit the slime creature. x2; The slime creature hits you!
You hit the slime creature.
The slime creature is severely wounded.
You hit the slime creature. You slash the slime creature!
The slime creature hits you but does no damage.
The slime creature closely misses you. The slime creature hits you!
You hit the slime creature.
The slime creature is almost dead.
You hit the slime creature.
You hit the slime creature but do no damage.
The slime creature jiggles.
The slime creature hits you!
* * * LOW HITPOINT WARNING * * *
The slime creature hits you!
* * * LOW HITPOINT WARNING * * *
The slime creature hits you.
* * * LOW HITPOINT WARNING * * *
You slash the slime creature!
The slime creature is almost dead.
You hit the slime creature. x2
The slime creature hits you but does no damage.
The slime creature closely misses you.
As you read the scroll of teleportation, it crumbles to dust.
You feel strangely unstable. You block the slime creature's attack.
The slime creature closely misses you. x2
The slime creature hits you.
* * * LOW HITPOINT WARNING * * *
The slime creature hits you.
* * * LOW HITPOINT WARNING * * *
The slime creature hits you!
You die...

#############....§§§≈≈.≈§≈≈§.
#...........#....§###≈.≈###≈.
#.#########.#....≈# #≈.≈# #≈.
#.##.............§###≈.≈###§.
#.##.#####.##.##.≈≈≈≈≈§≈§§§≈.
#.##.......##'##.............
#.#######....................
#.......#..JJJ...###.####'#+#
#######.#.<.@....# #.# #.#.#
#.#..####### #.# #.#..
##.#........# #.# #....
#...###.###.# #.####....
#.........#.# #.........
#......÷#.#.# #####.....
#..#....#.#.# #.....
#.##......#.# #.....
#.........#.# #.....


You could see 3 slime creatures.

Vanquished Creatures
  Grinder (D:6)
  A steam dragon (D:7)
  2 water moccasins
  2 black bears
  A sky beast (D:6)
  2 centaurs
  A phantom (D:4)
  A kobold brigand (D:5)
  3 bullfrogs
  A scorpion (D:6)
  3 howler monkeys (D:7)
  3 lava snakes (D:7)
  4 hounds
  Terence (D:2)
  An iguana (D:5)
  3 orc wizards (D:5)
  6 gnolls
  7 adders
  2 shadow imps (D:7)
  2 worms (D:2)
  2 dart slugs
  7 orcs
  7 ball pythons
  9 endoplasms
  5 giant cockroaches
  5 goblins
  8 hobgoblins
  7 jackals
  4 quokkas
  10 bats
  5 frilled lizards
  12 kobolds
  7 rats
  A spectral hobgoblin (D:2)
136 creatures vanquished.

Notes
Turn   | Place    | Note
-------+----------+-------------------------------------------
     0 | D:1      | booth the Hill Orc Monk began the quest for the Orb.
     0 | D:1      | Reached XP level 1. HP: 19/19 MP: 1/1
   124 | D:1      | Reached XP level 2. HP: 19/27 MP: 2/2
   342 | D:1      | Reached XP level 3. HP: 19/33 MP: 3/3
   955 | D:2      | Reached skill level 1 in Invocations
  1159 | D:2      | Reached skill level 5 in Axes
  1159 | D:2      | Reached XP level 4. HP: 40/40 MP: 4/4
  1755 | D:2      | Noticed Terence
  1768 | D:2      | Killed Terence
  1769 | D:2      | Reached XP level 5. HP: 35/47 MP: 6/6
  1919 | D:2      | Found a faded altar of an unknown god.
  2594 | D:3      | Found a glowing silver altar of Zin.
  2773 | D:3      | Gained mutation: Your muscles are strong. (Str +4, Int/Dex
                  | -1) [potion of mutation]
  2915 | D:4      | Noticed a phantom
  2935 | D:4      | Killed a phantom
  2936 | D:4      | Reached skill level 6 in Axes
  2936 | D:4      | Reached XP level 6. HP: 41/55 MP: 6/8
  3182 | D:4      | Noticed a black bear
  3197 | D:4      | Killed a black bear
  3198 | D:4      | Reached skill level 5 in Fighting
  3314 | D:4      | Found a sacrificial altar of Ru.
  3727 | D:5      | Entered Level 5 of the Dungeon
  3753 | D:5      | Found a staircase to the Ecumenical Temple.
  3844 | D:5      | Reached skill level 7 in Axes
  3853 | D:5      | Reached XP level 7. HP: 44/61 MP: 9/9
  4332 | D:5      | Found a sparkling altar of Nemelex Xobeh.
  4594 | D:6      | Noticed Grinder
  4606 | D:6      | Killed Grinder
  4607 | D:6      | Reached skill level 8 in Axes
  4702 | D:6      | Reached XP level 8. HP: 61/70 MP: 11/11
  4949 | D:6      | Reached skill level 5 in Invocations
  5130 | D:6      | Found an ornate altar of the Wu Jian Council.
  5215 | D:6      | Reached skill level 9 in Axes
  5599 | D:6      | Identified the +3 pair of boots of Huemas {rPois rF+}
  6026 | D:7      | Reached skill level 10 in Axes
  6038 | D:7      | Reached XP level 9. HP: 79/79 MP: 13/13
  6050 | D:7      | Reached skill level 5 in Dodging
  6398 | D:7      | Became a worshipper of Beogh the Brigand
  6398 | D:7      | Reached * piety under Beogh
  6398 | D:7      | Reached ** piety under Beogh
  6769 | D:7      | HP: 3/79 [slime creature (6)]
  6769 | D:7      | Slain by a slime creature

Illustrated notes

Levels and vault maps discovered:
D:1:      dpeg_arrival_boxes_within_box, layout_basic, minmay_misc_feat_tiny
D:2:      kennysheep_six_static_rooms, layout_basic,
          dreamdust_ecumenical_altar_drowned_temple, uniq_terence
D:3:      layout_basic, zin_academy, hangedman_decor_points,
          minmay_misc_feat_diagonals, dk_vineyard_1
D:4:      layout_basic, kennysheep_mini_moat
D:5:      layout_rooms, nemelex_altar_shiori, temple_pool_b
D:6:      layout_basic, lemuel_round_altar, uniq_grinder
D:7:      layout_basic, kennysheep_boxes
D:8:      layout_rooms, nicolae_overflow_squiral, minmay_misc_feat_alley,
          uniq_erica, uniq_prince_ribbit1, uniq_maggie

Skill      XL: |  1  2  3  4  5  6  7  8  9 |
---------------+----------------------------+-----
Fighting       | 4 5 6 7 |  7.4
Invocations    | 1 2 3 4 6 |  6.6
Axes           | 5 6 7 8 10 | 10.6
Dodging        | 3 4 5 |  5.1

Action                     |  1- 3 |  4- 6 |  7- 9 || total
---------------------------+-------+-------+-------++-------
  Melee: Hand axe          |    98 |   165 |   218 ||   481
  Throw: Javelin           |       |     2 |     4 ||     6
 Invoke: Convert to Beogh  |       |       |     1 ||     1
    Use: Scroll            |     4 |     5 |     2 ||    11
         Potion            |       |     7 |     1 ||     8
 Armour: Robe              |    17 |       |       ||    17
         Leather armour    |     4 |    54 |    37 ||    95
         Steam dragon scal |       |       |     8 ||     8
  Dodge: Dodged            |    60 |   102 |   121 ||   283
  Block: Orb               |     7 |    40 |    33 ||    80
         Reflection        |       |     1 |     1 ||     2
